 Dungeon Crawl Stone Soup version 0.31.0-11-ge490571c62 (webtiles) character file.

Game seed: 3422484216040901079

55613 Bobbunny the Fighter (level 14, -11/153 HPs)
             Began as a Troll Berserker on Jan 27, 2024.
             Was the Champion of Trog.
             Mangled by a titanic slime creature (99 damage)
             ... on level 12 of the Dungeon.
             The game lasted 00:24:58 (15529 turns).

Bobbunny the Fighter (Troll Berserker)             Turns: 15529, Time: 00:24:59

Health: -11/153    AC: 12    Str: 30    XL:     14   Next: 39%
Magic:  13/13      EV: 14    Int:  5    God:    Trog [******]
Gold:   965        SH: 18    Dex:  9    Spells: 13/13 levels left

rFire   + +          .
                       - Unarmed
rCold   . . .        W - +0 tower shield {rF+}
rNeg    . . .        I - +0 acid dragon scales
rPois   .            (helmet restricted)
rElec   .            l - +2 cloak "Misaweqy" {rF+ Regen+ SInv}
rCorr   +            (gloves unavailable)
SInv    +            (boots unavailable)
Will    ++...        B - amulet of reflection
Stlth   +            k - +5 ring of evasion
HPRegen 2.05/turn    a - ring of willpower
MPRegen 0.13/turn

%: reflection
@: studying Dodging
A: large, unfitting armour, claws 3, regeneration 1, shaggy fur 1, tough skin 1
a: Renounce Religion, Berserk, Trog's Hand, Brothers in Arms


You were on level 12 of the Dungeon.
You worshipped Trog.
Trog was exalted by your worship.
You visited 2 branches of the dungeon, and saw 17 of its levels.
You also visited: Gauntlet and Volcano.

You collected 1437 gold pieces.
You spent 472 gold pieces at shops.

Inventory:

Hand Weapons
 q - the +7 halberd of Trog's Grace {heavy, rElec rC++ Str-5 SInv}
   (Trog gifted it to you on level 12 of the Dungeon)

   Str-5:     It affects your strength (-5).
   rC++:      It greatly protects you from cold.
   rElec:     It insulates you from electricity.
   SInv:      It lets you see invisible.
Missiles
 f - 20 poisoned darts
 s - a throwing net
 C - 3 curare-tipped darts
 D - 4 boomerangs
 G - 18 javelins
 Y - 8 large rocks (quivered)
Armour
 l - the +2 cloak "Misaweqy" (worn) {rF+ Regen+ SInv}
   (You found it on level 12 of the Dungeon)

   rF+:       It protects you from fire.
   SInv:      It lets you see invisible.
   Regen+:    It increases your rate of health regeneration.
 I - +0 acid dragon scales (worn)
 L - a +2 cloak of poison resistance
 W - a +0 tower shield of fire resistance (worn)
Jewellery
 a - a ring of willpower (right claw)
 k - a +5 ring of evasion (left claw)
 r - a ring of flight
 u - a ring of see invisible
 B - an amulet of reflection (around neck)
 Z - the ring of Hefeasew {Ice *Corrode rPois Will+ Dex+5}
   (You found it in a Gauntlet)

   [ring of ice]

   Ice:       It enhances your ice magic.
   Dex+5:     It affects your dexterity (+5).
   rF-:       It makes you vulnerable to fire.
   rC+:       It protects you from cold.
   rPois:     It protects you from poison Will+: It increases your willpower.
   *Corrode:  It may corrode you when you take damage.
Wands
 b - a wand of polymorph (24)
 j - a wand of flame (5)
 t - a wand of digging (20)
 w - a wand of paralysis (32)
 y - a wand of acid (11)
 M - a wand of roots (6)
Scrolls
 g - 2 scrolls of poison
 h - a scroll of torment
 i - 2 scrolls of silence
 m - a scroll of enchant weapon
 n - 3 scrolls of teleportation
 v - a scroll of brand weapon
 A - 2 scrolls of enchant armour
 E - 3 scrolls of fog
 F - 3 scrolls of blinking
 H - a scroll of immolation
 P - 2 scrolls of revelation
 S - a scroll of noise
 T - a scroll of fear
Potions
 c - 10 potions of curing
 d - 5 potions of heal wounds
 e - 5 potions of invisibility
 o - 4 potions of might {unknown}
 p - 2 potions of lignification {unknown}
 x - a potion of attraction {unknown}
 z - 4 potions of haste
 J - 5 potions of brilliance {unknown}
 K - a potion of magic {unknown}
 N - a potion of enlightenment {unknown}
 O - a potion of berserk rage {unknown}
 Q - 3 potions of ambrosia {unknown}
 R - 3 potions of mutation {unknown}
 U - 2 potions of resistance {unknown}
 V - a potion of cancellation {unknown}


   Skills:
 + Level 13.4 Fighting
 - Level 10.0 Throwing
 - Level 5.0 Armour
 + Level 5.7 Dodging
 + Level 7.7 Shields
 + Level 13.3 Unarmed Combat


You had 13 spell levels left.
You didn't know any spells.
Your spell library was empty.

Dungeon Overview and Level Annotations

Branches:
Dungeon (12/15)            Temple (0/1) D:6            Lair (5/5) D:8
 Shoals (0/4) Lair:2       Spider (0/4) Lair:2        Slime (0/5) Lair:5
    Orc (0/2) D:10        Volcano (visited)         Gauntlet (visited)

Altars:
Ashenzari
Elyvilon
Ru
Sif Muna
Xom
The Shining One

Shops:
D:8 *   D:9 [

Annotations:
Lair:2 2 transporters, Skryme's ghost, journeyman KoRe


Innate Abilities, Weirdness & Mutations

You are too large for most types of armour.
You have claws for hands.
Your natural rate of healing is unusually fast.
You are covered in fur. (AC +1)
You have tough skin. (AC +1)


Message History

The slime creature quivers.
You mangle the large slime creature!!
The large slime creature is heavily wounded.
You claw the large slime creature!
The large slime creature is heavily wounded.
Two slime creatures merge to form a very large slime creature.
You scratch the very large slime creature but do no damage.
The very large slime creature is heavily wounded.
You claw the very large slime creature!
The very large slime creature is heavily wounded.
Two slime creatures merge to form an enormous slime creature.
You mangle the enormous slime creature!!
The enormous slime creature is heavily wounded.
You barely miss the enormous slime creature.
The enormous slime creature is heavily wounded.
You claw the enormous slime creature!
The enormous slime creature is heavily wounded.
The enormous slime creature hits you.
Two slime creatures merge to form a titanic slime creature.
You scratch the titanic slime creature.
The titanic slime creature is heavily wounded.
You scratch the titanic slime creature.
The titanic slime creature is heavily wounded.
You mangle the titanic slime creature!!
The titanic slime creature is heavily wounded.
The titanic slime creature closely misses you.
You completely miss the titanic slime creature.
The titanic slime creature is heavily wounded.
The titanic slime creature hits you!!!
You eviscerate the titanic slime creature!!!
The titanic slime creature is severely wounded.
You block the titanic slime creature's attack.
You mangle the titanic slime creature!!
The titanic slime creature is severely wounded.
You block the titanic slime creature's attack.
You scratch the titanic slime creature but do no damage.
The titanic slime creature is severely wounded.
The titanic slime creature hits you!!!!
Ouch! That really hurt!
You die...

.##..............
......(.........
#...<..........
###..............
.................
#..............
#....u.........
#####J#$#......
#@#.# .....
#......#.# .....
#.######.#......
#...............
######.###.#####
#.# .# ##########
#.# ? ..........
#.#############...
#.............#.##


You could see a cyan ugly thing and a titanic slime creature.

Vanquished Creatures
  A minotaur (Gauntlet)
  A red draconian (Volcano)
  5 hydras
  A merfolk avatar (Lair:5)
  3 death yaks (Gauntlet)
  A boulder beetle (D:12)
  Urug (D:10)
  2 skysharks
  A salamander mystic (Volcano)
  2 sea snakes (Lair:5)
  A lindwurm (Lair:4)
  An orange crystal statue (D:9)
  Pikel (D:5)
  3 salamanders (Volcano)
  2 orc sorcerers (D:12)
  An oklob plant (Lair:3)
  2 cyclopes (D:11)
  3 meliai (Gauntlet)
  8 elephants
  2 black mambas (Lair:5)
  Joseph (D:7)
  3 torpor snails
  11 cane toads
  3 unseen horrors
  Jeremiah (D:8)
  11 komodo dragons
  3 rime drakes
  6 polar bears
  5 trolls
  A hornet (Lair:5)
  3 wind drakes (Lair:5)
  24 blink frogs
  A slime creature (Lair:5)
  2 culicivoras (Lair:2)
  A jumping spider (Lair:2)
  56 yaks
  5 basilisks
  4 wraiths
  Grum (D:10)
  A shadow (D:11)
  7 wyverns
  A steam dragon (Lair:5)
  A redback (Lair:2)
  3 vampire mosquitoes (D:11)
  2 acid dragons
  14 water moccasins
  An ice beast (D:5)
  3 orc warriors
  5 black bears
  An ogre (D:7)
  8 centaurs
  15 wolves
  A lemure (D:5)
  2 phantoms (D:6)
  4 kobold brigands
  Blork the orc (D:4)
  11 bullfrogs
  3 scorpions
  5 wights (D:7)
  5 killer bees (D:8)
  2 howler monkeys
  An electric eel (Lair:5)
  3 bombardier beetles
  4 jellies
  7 orc priests
  A gnoll bouda (D:5)
  7 iguanas
  Ijyb (D:5)
  15 orc wizards
  A hell rat (Lair:1)
  10 gnolls
  7 adders
  A shadow imp (D:4)
  An adder zombie (D:2)
  2 ribbon worms (D:2)
  4 dart slugs
  54 orcs
  2 bat skeletons (D:2)
  7 endoplasms
  2 giant cockroaches
  4 hobgoblins
  6 jackals (D:4)
  6 quokkas
  5 ball pythons
  9 bats
  3 frilled lizards
  9 goblins
  22 kobolds
  6 rats
480 creatures vanquished.

Vanquished Creatures (collateral kills)
  3 yaks (D:11)
  2 centaurs (D:11)
  A gnoll sergeant (D:11)
  2 gnolls (D:11)
8 creatures vanquished.

Vanquished Creatures (others)
  A kobold (D:9)
1 creature vanquished.

Grand Total: 489 creatures vanquished

Notes
Turn   | Place    | Note
-------+----------+-------------------------------------------
     0 | D:1      | Bobbunny the Troll Berserker began the quest for the Orb.
     0 | D:1      | Reached XP level 1. HP: 22/22 MP: 0/0
     2 | D:1      | Noticed a troll
     2 | D:1      | Noticed a ghoul
     4 | D:1      | Noticed a draconian
     4 | D:1      | Noticed a formicid
     6 | D:1      | Noticed an oni
     8 | D:1      | Noticed a gargoyle
     8 | D:1      | Noticed a naga
    10 | D:1      | Noticed a demigod
    12 | D:1      | Noticed a djinni
    14 | D:1      | Noticed a spriggan
    14 | D:1      | Noticed an armataur
    16 | D:1      | Noticed a vine stalker
    16 | D:1      | Noticed an elf
    18 | D:1      | Noticed a barachi
    20 | D:1      | Noticed a minotaur
    20 | D:1      | Noticed a vampire
    22 | D:1      | Noticed a human
    22 | D:1      | Noticed an octopode
    24 | D:1      | Noticed a demonspawn
    24 | D:1      | Noticed a merfolk
    26 | D:1      | Noticed a tengu
    26 | D:1      | Noticed a felid
   127 | D:1      | Reached XP level 2. HP: 29/29 MP: 1/1
   226 | D:1      | Reached ** piety under Trog
   300 | D:1      | Reached XP level 3. HP: 37/37 MP: 2/2
   831 | D:2      | Reached XP level 4. HP: 45/45 MP: 3/3
  1247 | D:3      | Found a broken altar of Ashenzari.
  1579 | D:3      | Noticed a black bear
  1591 | D:3      | Killed a black bear
  1592 | D:3      | Reached XP level 5. HP: 21/54 MP: 4/4
  2043 | D:3      | Identified the +4 ring mail of the Lonely Tables {Str+2}
  2069 | D:4      | Noticed Blork the orc
  2077 | D:4      | Killed Blork the orc
  2078 | D:4      | Reached skill level 5 in Unarmed Combat
  2090 | D:4      | Reached XP level 6. HP: 57/62 MP: 5/5
  2091 | D:4      | Reached *** piety under Trog
  2626 | D:4      | Reached XP level 7. HP: 59/71 MP: 4/6
  2627 | D:4      | Reached skill level 5 in Fighting
  2711 | D:5      | Entered Level 5 of the Dungeon
  2760 | D:5      | Noticed Ijyb
  2788 | D:5      | Killed Ijyb
  2849 | D:5      | Reached **** piety under Trog
  2871 | D:5      | Found a shimmering blue altar of Sif Muna.
  2904 | D:5      | Noticed Pikel
  2924 | D:5      | Killed Pikel
  2925 | D:5      | Reached XP level 8. HP: 72/83 MP: 7/7
  3162 | D:5      | Identified the +4 orcbow "Tiefiop" {drain, Dex+5}
  3749 | D:6      | Reached skill level 1 in Throwing
  3989 | D:6      | Reached XP level 9. HP: 93/93 MP: 8/8
  4050 | D:6      | Found a staircase to the Ecumenical Temple.
  4992 | D:7      | Noticed Joseph
  5003 | D:7      | Killed Joseph
  5377 | D:8      | Noticed an elephant
  5473 | D:8      | Found Qogh's Island Escapes.
  5588 | D:8      | Noticed Jeremiah
  5620 | D:8      | Killed an elephant
  5621 | D:8      | Reached skill level 5 in Throwing
  5621 | D:8      | Reached XP level 10. HP: 47/105 MP: 3/9
  5843 | D:8      | Killed Jeremiah
  5844 | D:8      | Reached skill level 10 in Unarmed Combat
  6020 | D:8      | Found a staircase to the Lair.
  6075 | D:8      | Reached ***** piety under Trog
  6292 | D:8      | Found a glowing golden altar of the Shining One.
  6438 | D:8      | Bought a potion of haste for 150 gold pieces
  6438 | D:8      | Bought a scroll of fog for 60 gold pieces
  6438 | D:8      | Bought a scroll of blinking for 112 gold pieces
  6438 | D:8      | Bought a scroll of teleportation for 45 gold pieces
  6438 | D:8      | Bought a scroll of teleportation for 45 gold pieces
  6438 | D:8      | Bought a scroll of fog for 60 gold pieces
  6595 | D:9      | Found a shimmering altar of Xom.
  6604 | D:9      | Found a sacrificial altar of Ru.
  6779 | D:9      | Noticed an orange crystal statue
  6810 | D:9      | Found Ebloijoch's Armour Boutique.
  6942 | D:9      | Found a white marble altar of Elyvilon.
  7293 | D:9      | Identified the +9 long sword of the Pyrrhic Victory {spect,
                  | rF+}
  7297 | D:9      | Killed an orange crystal statue
  7350 | D:10     | Entered Level 10 of the Dungeon
  7382 | D:10     | Noticed Grum
  7392 | D:10     | Killed Grum
  7596 | D:10     | Found a staircase to the Orcish Mines.
  7769 | D:10     | Reached skill level 1 in Armour
  7775 | D:10     | Reached XP level 11. HP: 103/115 MP: 10/10
  7822 | D:10     | Noticed Urug
  7839 | D:10     | Killed Urug
  8230 | D:10     | Identified the +2 rapier "Bawiwo" {heavy, rPois} (Trog
                  | gifted it to you on level 10 of the Dungeon)
  8230 | D:10     | Received a gift from Trog
  8441 | Lair:1   | Entered Level 1 of the Lair of Beasts
  8505 | Lair:1   | Identified the +7 rapier "Anoal" {heavy, Str+4}
  8573 | Lair:1   | Reached skill level 10 in Fighting
  8854 | Lair:1   | Identified the +2 falchion of Iplamn {freeze, Dex+2}
  8969 | Lair:1   | Noticed a four-headed hydra
  9259 | Lair:1   | Killed a four-headed hydra
  9260 | Lair:1   | Reached skill level 5 in Dodging
  9348 | Lair:1   | Reached XP level 12. HP: 84/127 MP: 11/11
  9583 | Lair:2   | Noticed Skryme's ghost (journeyman KoRe)
  9704 | Lair:2   | Found a staircase to the Shoals.
  9745 | Lair:2   | Found a transporter.
  9752 | Lair:2   | Found a transporter.
 10183 | Lair:2   | Found a hole to the Spider Nest.
 10517 | Lair:3   | Reached skill level 5 in Armour
 10694 | Lair:3   | Found a dark tunnel.
 10701 | Volcano  | Entered a volcano
 10904 | Volcano  | Noticed a red draconian
 10920 | Volcano  | Killed a red draconian
 11485 | Lair:4   | Reached skill level 1 in Shields
 11737 | Lair:4   | Noticed an eight-headed hydra
 11747 | Lair:4   | Killed an eight-headed hydra
 11893 | Lair:4   | Reached skill level 10 in Throwing
 11984 | Lair:4   | Reached XP level 13. HP: 114/139 MP: 12/12
 12181 | Lair:4   | Reached ****** piety under Trog
 12455 | Lair:5   | Entered Level 5 of the Lair of Beasts
 12461 | Lair:5   | Received a gift from Trog
 12627 | Lair:5   | Found a staircase to the Slime Pits.
 12907 | Lair:5   | Reached skill level 5 in Shields
 13334 | Lair:5   | Received a gift from Trog
 13752 | Lair:5   | Reached XP level 14. HP: 121/153 MP: 13/13
 14487 | D:11     | Found a gate leading to a gauntlet.
 14498 | Gauntlet | Entered a Gauntlet
 14498 | Gauntlet | Found a transporter.
 14501 | Gauntlet | Found a transporter.
 14502 | Gauntlet | Found a transporter.
 14506 | Gauntlet | Found a transporter.
 14516 | Gauntlet | Found a transporter.
 14516 | Gauntlet | Found a transporter.
 14517 | Gauntlet | Found a transporter.
 14526 | Gauntlet | Found a transporter.
 14550 | Gauntlet | Found a transporter.
 14574 | Gauntlet | Found a transporter.
 14574 | Gauntlet | Found a transporter.
 14581 | Gauntlet | Found a transporter.
 14654 | Gauntlet | Identified the ring of Hefeasew {Ice *Corrode rPois Will+
                  | Dex+5}
 14817 | Gauntlet | Identified the +6 hand axe of Luimod {antimagic, +Blink
                  | rPois rC+ Int+3}
 15264 | D:12     | Identified the +7 halberd of Trog's Grace {heavy, rElec
                  | rC++ Str-5 SInv} (Trog gifted it to you on level 12 of the
                  | Dungeon)
 15264 | D:12     | Received a gift from Trog
 15407 | D:12     | Identified the +2 cloak "Misaweqy" {rF+ Regen+ SInv}
 15529 | D:12     | Mangled by a titanic slime creature

Illustrated notes

Levels and vault maps discovered:
D:1:      kb_arrival_jail, layout_basic
D:2:      layout_loops_ring, serial_undead, serial_undead_d, serial_undead_b,
          serial_undead_a, serial_undead_b
D:3:      layout_loops_corners, nicolae_ashenzari_panopticon,
          minmay_misc_feat_iff, chequers_hall_statues_corner_a
D:4:      layout_basic, uniq_blork_the_orc
D:5:      layout_basic, kennysheep_mini, grunt_ministairs_12, uniq_pikel,
          uniq_ijyb
D:6:      layout_cave_pods, lemuel_temple_firewalk_b
D:7:      layout_loops_cross, uniq_joseph
D:8:      layout_cave_pools, general_overflow_altar, david_lair_generic,
          nicolae_island_escapes, uniq_jeremiah
D:9:      layout_irregular_city, mainiacjoe_overflow_six_doors_small,
          mainiacjoe_overflow_large_starburst, serial_shops,
          nicolae_stop_n_shop_1, minivault_15, nicolae_letterblocks
          [nicolae_letter_subblock, nicolae_letter_subblock,
          nicolae_letter_subblock, nicolae_letter_subblock,
          nicolae_letter_subblock, nicolae_letter_subblock,
          nicolae_letter_subblock, nicolae_letter_subblock,
          nicolae_letter_subblock, nicolae_letter_subblock,
          nicolae_letter_subblock, nicolae_letter_subblock,
          nicolae_letter_subblock, nicolae_letter_subblock,
          nicolae_letter_subblock, nicolae_letter_subblock,
          nicolae_letter_subblock, nicolae_letter_subblock,
          nicolae_letter_subblock, nicolae_letter_subblock,
          nicolae_letter_subblock, nicolae_letter_subblock,
          nicolae_letter_subblock, nicolae_letter_subblock,
          nicolae_letter_subblock]
D:10:     layout_cave_pods, hiddenorc2_lemuel, uniq_urug, uniq_grum
D:11:     layout_basic, gauntlet_entry_generic
D:12:     cheibrodos_wizards_tower, layout_basic, grunt_livestock
Lair:1:   layout_gridlike, eino_small_chamber_without_monster,
          minmay_shattered_shrine, infiniplex_staircase_pool_2
Lair:2:   layout_long_grid, elwin_shoals_entry_rocks,
          nicolae_spider_entry_tight_spaces, gammafunk_ghost_arena
Lair:3:   layout_misc_corridors, enter_volcano_1
Lair:4:   layout_gridlike, grunt_megastairs_4
Lair:5:   gammafunk_lair_ancient_temple, layout_cave_pods,
          minmay_slime_entry_pillars, infiniplex_staircase_pool

Skill      XL: |  1  2  3  4  5  6  7  8  9 10 11 12 13 14 |
---------------+-------------------------------------------+-----
Fighting       | 3 4 6 7 8 9 10 11 13 | 13.4
Unarmed Combat | 4 5 6 7 8 9 11 12 13 | 13.3
Throwing       | 2 5 6 7 10 | 10.0
Armour         | 1 4 5 |  5.0
Dodging        | 5 |  5.7
Shields        | 3 6 7 |  7.7

Action                     |  1- 3 |  4- 6 |  7- 9 | 10-12 | 13-15 || total
---------------------------+-------+-------+-------+-------+-------++-------
  Melee: Unarmed           |   101 |   114 |   215 |   635 |   522 ||  1587
         Punch             |     1 |     2 |    11 |    30 |       ||    44
  Throw: Boomerang         |       |       |       |    50 |    27 ||    77
         Dart              |       |       |       |     5 |     4 ||     9
         Javelin           |       |       |       |     2 |     4 ||     6
 Invoke: Berserk           |       |     1 |       |       |       ||     1
         Trog's Hand       |       |       |       |     3 |       ||     3
         Brothers in Arms  |       |       |       |       |     1 ||     1
    Use: Scroll            |       |     3 |     3 |     6 |     5 ||    17
         Potion            |       |       |       |     2 |       ||     2
   Stab: Sleeping          |     1 |     1 |       |       |       ||     2
         Distracted        |       |       |       |       |     1 ||     1
 Armour: Animal skin       |    42 |    66 |    94 |    79 |       ||   281
         Acid dragon scale |       |       |       |   366 |   274 ||   640
  Dodge: Dodged            |    51 |    62 |   139 |   424 |   172 ||   848
  Block: Other             |       |       |       |    97 |       ||    97
         Reflection        |       |       |       |     3 |     6 ||     9
         Tower shield      |       |       |       |   101 |   570 ||   671
